 Dungeon Crawl Stone Soup version 0.18.1-8-gdd0e5ea (webtiles) character file.

11704 dvd the Covert (level 11, -23/96 HPs)
             Began as a Deep Dwarf Artificer on June 9, 2016.
             Was a Believer of Pakellas.
             Hit by a large rock thrown by a cyclops (34 damage)
             ... on level 11 of the Dungeon.
             The game lasted 01:24:05 (11734 turns).

dvd the Covert (Deep Dwarf Artificer)              Turns: 11734, Time: 01:24:06

Health: -23/96     AC: 11    Str: 19    XL:     11   Next: 52%
Magic:  2/16       EV: 15    Int: 14    God:    Pakellas [**....]
Gold:   596        SH:  0    Dex: 15    Spells: 0 memorised, 10 levels left

rFire  + . .     SeeInvis .     u - +0 long sword
rCold  + . .     Gourm    .     L - +1 scale mail {rC+}
rNeg   . . .     Faith    .     (no shield)
rPois  .         Spirit   .     w - +2 helmet
rElec  .         Dismiss  .     (no cloak)
rCorr  .         Reflect  .     (no gloves)
SustAt .         Harm     .     (no boots)
MR     +....                    (no amulet)
Stlth  ++++......               A - ring of protection from fire
                                Z - +4 ring of strength

@: non-regenerating, somewhat resistant to hostile enchantments, stealthy
A: damage resistance, recharge devices, sense surroundings 2, slow regeneration
3
a: Device Recharging, Quick Charge, Renounce Religion


You were on level 11 of the Dungeon.
You worshipped Pakellas.
Pakellas was pleased with you.
You were hungry.

You visited 2 branches of the dungeon, and saw 13 of its levels.
You also visited: Labyrinth.

You collected 596 gold pieces.

Inventory:

Hand Weapons
 k - a +1 spear
 u - a +0 long sword (weapon)
Missiles
 z - 3 poisoned tomahawks
 I - 5 javelins of returning (quivered)
Armour
 w - a +2 helmet (worn)
 K - a +2 leather armour of magic resistance
 L - a +1 scale mail of cold resistance (worn)
Rods
 r - a +5 rod of clouds (9/9)
   (You found it in a labyrinth)
Jewellery
 a - an uncursed ring of resist corrosion
 c - an uncursed ring of protection from fire
 h - an uncursed ring of see invisible
 p - an uncursed ring of sustain attributes
 A - a ring of protection from fire (right hand)
 B - an uncursed ring of protection from magic
 E - an uncursed amulet of harm
 S - an uncursed ring of magical power
 Z - a +4 ring of strength (left hand)
Wands
 b - a wand of iceblast (2/15)
 d - a wand of enslavement (0/24)
 e - a wand of random effects (0/48)
 f - a wand of heal wounds (3/9)
 l - a wand of digging (12/24)
 m - a wand of lightning (3/15)
 o - a wand of confusion (4/48)
 x - a wand of disintegration (8/24)
 y - a wand of teleportation (5/9)
 D - a wand of flame (0/48)
 T - a wand of paralysis (1/24)
 Y - a wand of polymorph (13/24)
Scrolls
 j - 3 scrolls of identify
 F - 2 scrolls of magic mapping
 H - 3 scrolls of fog
 J - a scroll of amnesia
 O - 3 scrolls of remove curse
 R - a scroll of teleportation
Potions
 i - a potion of haste
 n - 2 potions of brilliance
 C - 2 potions of flight
 V - a potion of curing
 W - 2 potions of agility
Books
 P - a book of Debilitation

   Spells                             Type                      Level
   a - Corona                         Hexes                        1
   b - Slow                           Hexes                        2
   c - Gell's Gravitas                Hexes/Translocation          3
   d - Inner Flame                    Hexes/Fire                   3
   e - Cause Fear                     Hexes                        4
   f - Leda's Liquefaction            Hexes/Earth                  4
 U - a book of Changes

   Spells                             Type                      Level
   a - Beastly Appendage              Transmutation                1
   b - Sticks to Snakes               Transmutation                2
   c - Spider Form                    Transmutation/Poison         3
   d - Ice Form                       Ice/Transmutation            4
   e - Blade Hands                    Transmutation                5
 X - a book of Cantrips

   Spells                             Type                      Level
   a - Corona                         Hexes                        1
   b - Animate Skeleton               Necromancy                   1
   c - Summon Small Mammal            Summoning                    1
   d - Apportation                    Translocation                1
Miscellaneous
 q - a lamp of fire
 t - a lamp of fire
 G - a sack of spiders {used: 5}
 M - a plain deck of wonders
Comestibles
 g - 4 bread rations
 s - 2 slices of pizza
 v - 4 meat rations
 N - 26 fruits


   Skills:
 + Level 5.6 Fighting
   Level 1.0(3.6) Short Blades
 + Level 6.1(6.2) Long Blades
 + Level 2.3 Polearms
 + Level 0.3 Throwing
 + Level 4.0 Armour
 + Level 10.1 Dodging
 + Level 12.7 Stealth
 + Level 10.8 Evocations


You had 10 spell levels left.
You didn't know any spells.

Dungeon Overview and Level Annotations

Branches:
Dungeon (12/15)            Temple (1/1) D:7            Lair (0/8) D:10
    Orc (0/2) D:12

Altars:
Ashenzari
Cheibriados
Dithmenos
Elyvilon
Fedhas
Gozag
Kikubaaqudgha
Makhleb
Nemelex Xobeh
Okawaru
Pakellas
Qazlal
Ru
Sif Muna
Trog
Vehumet
Xom
Yredelemnul
Zin
The Shining One


Innate Abilities, Weirdness & Mutations

You are resistant to damage.
You can recharge devices by infusing magical energy.
You passively map the area around you.
You do not regenerate naturally.


Message History

There is a stone staircase leading down here.
The orc closely misses you.
There is an empty arch of ancient stone here.
There is a stone staircase leading down here.
There is a stone staircase leading up here.
The orc closely misses you.
You climb upwards.
A hill giant and a cyclops come into view.
There is a stone staircase leading down here.
You hit the orc.
The orc is heavily wounded.
The hill giant shouts!
The orc hits you but does no damage. The orc barely misses you.
The cyclops throws a large rock.
The large rock hits you!
* * * LOW HITPOINT WARNING * * *
You see here a large rock.
The cyclops throws a large rock.
The large rock hits you!!!
You die...
Pakellas says: Time to start the next experiment...

, , , * , , ,
, ,.
##+###+###..,
,
#...........
, *
#..........#
** *
#.>........+
,
#..(oC.....#
** ####*
##..@.......,
..#
#..#.###...
#.# #..#... ,
, #.##
#C.#.#.# , ,
#...
#..###.#, ,
#... #... + ,
,* #... *
#... #.## ...
, , ,, #.# ,
, , , * #)##


You could see a hill giant, a cyclops and an orc.

Vanquished Creatures
  A minotaur (Lab)
  A hydra (D:12)
  Urug (D:11)
  2 unseen horrors (Lab)
  4 hill giants
  An ugly thing (D:10)
  A deep elf mage (D:12)
  A two-headed ogre (D:8)
  4 yaks (D:7)
  4 basilisks (Lab)
  A steam dragon (D:11)
  A hippogriff (D:10)
  2 hungry ghosts
  2 hell hounds (D:10)
  A giant eyeball (D:8)
  2 black bears
  2 ice beasts (D:9)
  An orc warrior (D:12)
  3 sky beasts
  5 worker ants
  4 ogres
  3 big kobolds
  3 centaurs
  A crocodile (D:10)
  4 giant frogs
  3 scorpions
  7 killer bees
  2 howler monkeys (D:6)
  A vampire bat (D:3)
  7 crimson imps
  A centaur zombie (D:8)
  2 jellies
  A giant frog skeleton (D:4)
  4 hounds
  10 orc wizards
  2 orc priests
  A centaur skeleton (D:4)
  An iguana (D:4)
  A hound zombie (D:5)
  2 hound skeletons
  A worker ant zombie (D:9)
  6 gnolls
  8 adders
  4 shadow imps
  An adder skeleton (D:4)
  4 worms
  2 dart slugs (D:2)
  3 fire bats (D:3)
  5 giant geckos
  21 orcs
  2 spectral bats (D:3)
  3 ball pythons
  14 bats
  A bat simulacrum (D:3)
  3 bat skeletons (D:3)
  A bat zombie (D:3)
  6 giant cockroaches
  5 goblins
  5 hobgoblins
  17 jackals
  15 kobolds
  3 quokkas
  A giant cockroach zombie (D:5)
  5 giant newts
  A jackal zombie (D:8)
  A quokka zombie (D:9)
  6 rats
244 creatures vanquished.

Vanquished Creatures (collateral kills)
  A giant frog (D:6)
  2 killer bees
  A howler monkey (D:6)
  A centaur skeleton (D:7)
  An adder skeleton (D:6)
  A worm (D:2)
  A giant gecko (D:6)
  2 bats (D:3)
  A giant newt (D:3)
  A kobold (D:1)
  A rat (D:1)
13 creatures vanquished.

Vanquished Creatures (others)
  A killer bee (D:7)
  A centaur skeleton (D:4)
  A shadow imp (D:10)
  A worm (D:2)
  An orc (D:10)
  A hobgoblin (D:1)
6 creatures vanquished.

Grand Total: 263 creatures vanquished

Notes
Turn   | Place    | Note
--------------------------------------------------------------
     0 | D:1      | dvd the Deep Dwarf Artificer began the quest for the Orb.
     0 | D:1      | Reached XP level 1. HP: 16/16 MP: 3/3
    57 | D:1      | Reached skill level 1 in Fighting
   109 | D:1      | Reached XP level 2. HP: 20/25 MP: 5/5
   461 | D:1      | Found a shadowy altar of Dithmenos.
   761 | D:2      | Reached XP level 3. HP: 9/31 MP: 6/6
  1212 | D:2      | Reached skill level 5 in Evocations
  1405 | D:3      | Reached skill level 1 in Armour
  1407 | D:3      | Reached XP level 4. HP: 33/38 MP: 7/7
  1719 | D:3      | Found an oddly glowing altar of Pakellas.
  1722 | D:3      | Reached skill level 1 in Polearms
  1735 | D:3      | Became a worshipper of Pakellas the Inventive
  1915 | D:3      | Reached XP level 5. HP: 24/44 MP: 9/9
  1969 | D:3      | Reached skill level 1 in Short Blades
  1982 | D:3      | Reached * piety under Pakellas
  1982 | D:3      | Received a gift from Pakellas
  2539 | D:3      | Reached skill level 2 in Stealth
  2539 | D:3      | Reached XP level 6. HP: 47/52 MP: 5/10
  2612 | D:4      | Found a shadowy altar of Dithmenos.
  3247 | D:4      | Found a shimmering altar of Xom.
  3360 | D:5      | Entered Level 5 of the Dungeon
  3856 | D:5      | Found a burning altar of Makhleb.
  3878 | D:5      | Reached ** piety under Pakellas
  3878 | D:5      | Received a gift from Pakellas
  3878 | D:5      | Reached skill level 1 in Long Blades
  3878 | D:5      | Reached skill level 5 in Dodging
  3878 | D:5      | Reached XP level 7. HP: 37/60 MP: 5/10
  3933 | D:5      | Reached skill level 3 in Stealth
  4469 | D:6      | Found a deep blue altar of Sif Muna.
  4596 | D:6      | Reached skill level 4 in Stealth
  4614 | D:6      | Reached XP level 8. HP: 37/69 MP: 6/11
  5103 | D:7      | Reached skill level 5 in Stealth
  5212 | D:7      | Found a staircase to the Ecumenical Temple.
  5226 | Temple   | Entered the Ecumenical Temple
  5628 | D:7      | Found a stormy altar of Qazlal.
  5629 | D:7      | Found a basalt altar of Yredelemnul.
  5963 | D:8      | Gained mutation: You passively map the area around you. [Deep Dwarf growth]
  5963 | D:8      | Reached XP level 9. HP: 35/78 MP: 7/14
  5988 | D:8      | Reached skill level 6 in Stealth
  6600 | D:8      | Found a shadowy altar of Dithmenos.
  6974 | D:8      | Reached skill level 7 in Stealth
  7516 | D:9      | Found a sparkling altar of Nemelex Xobeh.
  8176 | D:9      | You fall through a shaft for 2 floors!
  8184 | D:11     | Noticed Urug
  8235 | D:11     | Killed Urug
  8235 | D:11     | Reached XP level 10. HP: 23/87 MP: 4/15
  8322 | D:11     | Reached skill level 8 in Stealth
  8356 | D:10     | Entered Level 10 of the Dungeon
  8827 | D:9      | Found a bloodstained altar of Trog.
  8921 | D:10     | Noticed a purple ugly thing
  8925 | D:10     | Reached skill level 5 in Long Blades
  8926 | D:10     | Killed a purple ugly thing
  8926 | D:10     | Reached skill level 5 in Fighting
  8966 | D:9      | Reached *** piety under Pakellas
  8966 | D:9      | Received a gift from Pakellas
  9074 | D:10     | Found a staircase to the Lair.
  9083 | D:10     | Noticed a hill giant
  9100 | D:10     | Killed a hill giant
  9100 | D:10     | Reached skill level 9 in Stealth
  9100 | D:10     | Reached skill level 10 in Evocations
  9149 | D:10     | Noticed a hill giant
  9163 | D:10     | Killed a hill giant
  9282 | D:10     | Reached skill level 10 in Stealth
  9643 | D:10     | Noticed a hill giant
  9663 | D:10     | Killed a hill giant
  9729 | D:10     | You fall through a shaft for 2 floors!
  9737 | D:12     | Noticed a four-headed hydra
  9775 | D:12     | Killed a four-headed hydra
  9775 | D:12     | Reached skill level 11 in Stealth
  9775 | D:12     | Reached XP level 11. HP: 38/96 MP: 5/16
  9807 | D:12     | Found a labyrinth entrance.
  9816 | Lab      | Entered a labyrinth
 10779 | Lab      | Killed an unseen horror
 10779 | Lab      | Reached skill level 10 in Dodging
 10820 | Lab      | Killed an unseen horror
 11465 | Lab      | Noticed a minotaur
 11488 | Lab      | Killed a minotaur
 11488 | Lab      | Reached skill level 12 in Stealth
 11619 | D:12     | Noticed a deep elf mage
 11639 | D:12     | Killed a deep elf mage
 11684 | D:12     | Noticed a hill giant
 11690 | D:12     | Noticed an eight-headed hydra
 11694 | D:12     | Killed a hill giant
 11731 | D:11     | Noticed a hill giant
 11734 | D:11     | Hit by a large rock thrown by a cyclops

Skill      XL: |  1  2  3  4  5  6  7  8  9 10 11 |
---------------+----------------------------------+-----
Fighting       | 1 2 3 4 5 |  5.6
Evocations     | 5 6 8 9 10 | 10.8
Armour         | 1 2 3 4 |  4.0
Dodging        | 3 4 5 6 7 9 10 | 10.1
Polearms       | 1 2 |  2.3
Short Blades   | 1 |  1.0
Stealth        | 2 4 5 7 11 12 | 12.7
Long Blades    | 1 2 3 4 5 6 |  6.1
Throwing       | |  0.3

Action                   |  1- 3 |  4- 6 |  7- 9 | 10-12 || total
-------------------------+-------+-------+-------+-------++-------
Melee: Short sword       |     4 |    13 |       |       ||    17
       Spear             |    61 |   307 |       |    33 ||   401
       Long sword        |       |    57 |   642 |   401 ||  1100
Throw: Javelin           |       |       |       |     7 ||     7
Invok: Quick Charge      |       |     4 |    15 |    21 ||    40
 Abil: Device Recharging |       |     1 |     1 |     1 ||     3
Evoke: Wand              |    39 |    52 |   155 |    85 ||   331
       Sack of spiders   |       |       |     6 |       ||     6
       Lamp of fire      |       |       |     1 |       ||     1
  Use: Scroll            |     6 |     4 |     6 |     6 ||    22
       Potion            |     5 |     3 |     5 |     1 ||    14
 Stab: Confused          |     1 |    17 |    39 |    18 ||    75
       Sleeping          |       |     1 |    11 |     8 ||    20
       Paralysed         |       |       |     2 |   113 ||   115
  Eat: Chunk             |     2 |    10 |    14 |    10 ||    36
       Beef jerky        |       |       |     2 |     1 ||     3
       Meat ration       |       |       |       |     1 ||     1
Armor: Leather armour    |     8 |    18 |    90 |    83 ||   199
       Ring mail         |    20 |   100 |       |       ||   120
       Robe              |       |    10 |    85 |       ||    95
       Scale mail        |       |       |       |     5 ||     5
Dodge: Dodged            |    48 |   297 |   498 |   297 ||  1140
